 Dungeon Crawl Stone Soup version 0.32-a0-540-g866d13106e (webtiles) character file.

Game seed: 7063191672798444055

396 greynaab the Chopper (level 6, -11/47 HPs)
             Began as a Mummy Fighter on Feb 28, 2024.
             Was a Believer of Uskayaw.
             Killed from afar by a steam dragon (17 damage)
             ... with a ball of steam
             ... on level 4 of the Dungeon.
             The game lasted 00:05:17 (2566 turns).

greynaab the Chopper (Mummy Fighter)                Turns: 2566, Time: 00:05:18

Health: -11/47     AC:  6    Str: 20    XL:     6   Next: 52%
Magic:  7/7        EV:  9    Int:  7    God:    Uskayaw [**....]
Gold:   84         SH:  5    Dex: 13    Spells: 5/5 levels left

rFire   . . .        a - +0 war axe
rCold   . . .        c - +0 buckler
rNeg    + + +        b - +0 scale mail
rPois   ∞            (no helmet)
rElec   .            (no cloak)
rCorr   .            (no gloves)
SInv    .            (no boots)
Will    .....        (no amulet) Stlth
                     d - ring of fire
HPRegen 0.27/turn    (no ring)
MPRegen 0.10/turn

%: faith
@: no status effects
A: cold resistance 1, negative energy resistance 3, torment resistance 2, heat
vulnerability 1, in touch with death 1, no potions, faith
a: Renounce Religion, Stomp, Line Pass


You were on level 4 of the Dungeon.
You worshipped Uskayaw.
Uskayaw was noncommittal.
You visited 1 branch of the dungeon, and saw 4 of its levels.

You collected 84 gold pieces.

Inventory:

Hand Weapons
 a - a +0 war axe (weapon)
Missiles
 h - 2 javelins (quivered)
 j - 5 poisoned darts
Armour
 b - a +0 scale mail (worn)
 c - a +0 buckler (worn)
Jewellery
 d - a ring of fire (left hand)
Wands
 i - a wand of warping (7)
Scrolls
 e - 3 scrolls of identify
 f - a scroll of noise
 g - 2 scrolls of teleportation
 k - a scroll of amnesia


   Skills:
 - Level 3.0 Fighting
 * Level 4.5 Axes
 - Level 2.4 Armour
 + Level 3.9 Shields
 + Level 1.8 Invocations


You had 5 spell levels left.
You didn't know any spells.
Your spell library contained the following spells:

 Spells                   Type           Power      Damage    Failure   Level
 Apportation              Tloc           0%         N/A       86%         1
 Call Canine Familiar     Summ           0%         N/A       99%         3
 Sigil of Binding         Hex            0%         N/A       99%         3
 Dimensional Bullseye     Hex/Tloc       0%         N/A       100%        4


Dungeon Overview and Level Annotations

Branches:
Dungeon (4/15) Zot: 21357
 Temple: D:4-7

Altars:
Okawaru
Uskayaw


Innate Abilities, Weirdness & Mutations

You are immune to poison.
Your flesh is cold resistant. (rC+)
You are immune to negative energy. (rN+++)
You are immune to unholy pain and torment.
You are vulnerable to heat. (rF-)
You are in touch with the powers of death.
You do not drink.
You have a special connection with the divine. (Faith)


Message History

You can now pass through a line of other dancers.
You hit the steam dragon but do no damage.
The steam dragon is heavily wounded.
You block the steam dragon's attack. x2
You hit the steam dragon but do no damage.
The steam dragon is heavily wounded.
The steam dragon breathes steam at you. The ball of steam hits you!!
* * * LOW HITPOINT WARNING * * *
You hit the steam dragon.
The steam dragon is heavily wounded.
You are engulfed in a cloud of scalding steam.
* * * LOW HITPOINT WARNING * * *
The steam dragon barely misses you. You block the steam dragon's attack.
The steam dragon breathes steam at you. The ball of steam misses you.
Unknown command.
The steam dragon bites you.
* * * LOW HITPOINT WARNING * * *
The steam dragon claws you.
* * * LOW HITPOINT WARNING * * *
You hit the steam dragon but do no damage.
The steam dragon is heavily wounded.
The steam dragon barely misses you.
The steam dragon claws you but does no damage.
Unknown command.
You barely miss the steam dragon.
The steam dragon is heavily wounded.
The steam dragon misses you. The steam dragon barely misses you.
You hit the steam dragon but do no damage.
The steam dragon is heavily wounded.
The steam dragon bites you.
* * * LOW HITPOINT WARNING * * *
The steam dragon claws you but does no damage.
You hit the steam dragon.
The steam dragon is severely wounded.
The steam dragon breathes steam at you. The ball of steam hits you!
You die...
Your body falls in perfect tune with the rhythm.

#.#.#W..### #.#.......#
#.###...### #.# #...# #.#
#...###+## ###
#.###...##...# #.#
.†......#....# #.# .
).###...#....#####.####....
#.# #...#.......@..........
#.###...#....###D#.........
........#...§+......###.#.#
#.###..##....#.#....## #
#.###..##....)..........
........................
#.###...#.##.#.#.....###
#.# #...#.##...........
..###................#.#


You could see a steam dragon (catching breath).

Vanquished Creatures
  Sigmund (D:4)
  A phantom (D:4)
  A bombardier beetle (D:4)
  6 adders
  3 dart slugs
  A ribbon worm (D:2)
  5 endoplasms
  3 giant cockroaches
  5 goblins
  7 hobgoblins
  12 jackals (D:1)
  3 kobolds
  2 quokkas (D:1)
  6 ball pythons
  7 bats
  2 frilled lizards (D:3)
  4 rats
69 creatures vanquished.

Notes
Turn   | Place    | Note
-------+----------+-------------------------------------------
     0 | D:1      | greynaab the Mummy Fighter began the quest for the Orb.
     0 | D:1      | Reached XP level 1. HP: 18/18 MP: 1/1
    78 | D:1      | Reached skill level 2 in Axes
    86 | D:1      | Reached XP level 2. HP: 22/24 MP: 2/2
   258 | D:1      | Reached XP level 3. HP: 25/29 MP: 3/3
  1053 | D:2      | Reached skill level 3 in Axes
  1057 | D:2      | Reached XP level 4. HP: 31/35 MP: 4/4
  1590 | D:3      | Found a hide-covered altar of Uskayaw.
  1714 | D:3      | Found a faded altar of an unknown god.
  1724 | D:3      | Got Plato's Tome of Translocation
  1725 | D:3      | Prayed at the altar of an unknown god.
  1725 | D:3      | Became a worshipper of Uskayaw the Reveller
  1725 | D:3      | Reached * piety under Uskayaw
  1734 | D:3      | Found an iron altar of Okawaru.
  1854 | D:3      | Reached ** piety under Uskayaw
  2272 | D:4      | Noticed a phantom
  2304 | D:4      | Killed a phantom
  2304 | D:4      | Reached *** piety under Uskayaw
  2305 | D:4      | Reached skill level 1 in Invocations
  2305 | D:4      | Reached XP level 5. HP: 22/41 MP: 1/5
  2389 | D:4      | Reached skill level 4 in Axes
  2412 | D:4      | Noticed Sigmund
  2443 | D:4      | Killed Sigmund
  2444 | D:4      | Reached XP level 6. HP: 7/47 MP: 5/7
  2550 | D:4      | Noticed a steam dragon
  2566 | D:4      | Killed from afar by a steam dragon

Illustrated notes

Levels and vault maps discovered:
D:1:      nzn_arrival_depleted_hourglass, layout_basic
D:2:      layout_basic
D:3:      layout_basic, mainiacjoe_overflow_small_starburst, okawaru_trees_1,
          shapermc_ecumenical_altar_rom_forum
D:4:      layout_basic, nemelex_altar_shiori, uniq_duvessa, uniq_sigmund,
          uniq_ijyb

Skill      XL: |  1  2  3  4  5 |
---------------+----------------+-----
Axes           | 2 3 4 |  4.5
Shields        | 3 |  3.9
Invocations    | 1 |  1.8
Fighting       | |  3.0
Armour         | |  2.4

Action                     |  1- 3 |  4- 6 || total
---------------------------+-------+-------++-------
  Melee: War axe           |    98 |   103 ||   201
 Invoke: Stomp             |       |     1 ||     1
  Evoke: Wand              |       |     1 ||     1
    Use: Scroll            |       |     3 ||     3
 Armour: Scale mail        |    97 |    65 ||   162
  Dodge: Dodged            |    56 |    53 ||   109
  Block: Buckler           |    24 |    24 ||    48

Table legend: (Time is in decaauts)
 A = Elapsed time spent in this place.
 B = Non-inter-level travel time spent in this place.
 C = Inter-level travel time spent in this place.
 D = Time resting spent in this place.
 E = Time spent auto-exploring this place.
 F = Levels seen in this place.
 G = Mean time per level.
                   A        B        C        D        E       F      G
               +--------+--------+--------+--------+--------+-----+--------+
         Total |   2641 |   2547 |     94 |    156 |   1872 |   4 |  660.2 |
       Dungeon |   2641 |   2547 |     94 |    156 |   1872 |   4 |  660.2 |
               +--------+--------+--------+--------+--------+-----+--------+

Top non-repeatable levels by time:
     D:1: 852 daAuts
     D:3: 745 daAuts
     D:2: 659 daAuts
     D:4: 383 daAuts
